 Dungeon Sprint DCSS version 0.29-a0-364-g921d912d32 (webtiles) character file.

Game seed: 12608030092734606187

2371 mhtbhm the Fighter (level 9, -6/100 HPs)
             Began as a Kobold Berserker on Apr 30, 2022.
             Was a High Priest of Trog.
             Succumbed to Urug's poison
             ... in the Dungeon (Sprint VII: "The Pits").
             The game lasted 00:02:30 (1781 turns).

mhtbhm the Fighter (Kobold Berserker)               Turns: 1781, Time: 00:02:30

Health: -6/100     AC: 13    Str: 19    XL:     9   Next: 73%
Magic:  9/9        EV: 21    Int:  8    God:    Trog [*****.]
Gold:   0          SH:  0    Dex: 20    Spells: 8/8 levels left

rFire   . . .      SeeInvis .   a - +6 broad axe of Killer Klown's Foe {vorpal, Dex+3}
rCold   . . .      Faith    .   (shield currently unavailable)
rNeg    . . .      Spirit   .   b - +4 scale mail
rPois   .          Reflect  .   (no helmet)
rElec   .          Harm     .   n - +0 cloak
rCorr   .          Rampage  .   (no gloves)
Will    .....      NoTele   +   (no boots)
Stlth   ..........              (no amulet)
HPRegen 0.26/turn               k - +3 ring of evasion
MPRegen 0.11/turn               l - +3 ring of dexterity

@: berserking (expiring), lethally poisoned (-6 -> -48), very quick
A: small, no large weapons, nightstalker 3
a: Renounce Religion, Berserk, Trog's Hand, Brothers in Arms


You were in the Dungeon.
You worshipped Trog.
Trog was extremely pleased with you.
You visited 1 branch

Inventory:

Hand Weapons
 a - the +6 broad axe of Killer Klown's Foe (weapon) {vorpal, Dex+3}
   (Trog gifted it to you in the Dungeon)

   It inflicts extra damage upon your enemies.
   Dex:       It affects your dexterity (+3).
Armour
 b - a +4 scale mail (worn)
 n - a +0 cloak (worn)
Jewellery
 k - a +3 ring of evasion (left hand)
 l - a +3 ring of dexterity (right hand)
Scrolls
 h - a scroll of blinking
 j - a scroll of summoning
Potions
 c - 8 potions of curing
 d - 12 potions of heal wounds
 e - a potion of haste
 f - 4 potions of magic
 g - 3 potions of berserk rage
 i - 2 potions of invisibility
 m - 2 potions of mutation


   Skills:
 + Level 12.8 Fighting
 + Level 11.6 Axes
 + Level 6.6 Armour
 + Level 8.9 Dodging
 + Level 7.9 Stealth


You had 8 spell levels left.
You didn't know any spells.
Your spell library was empty.

Dungeon Overview and Level Annotations

Branches:
Dungeon (1/1)

Altars:
Fedhas
Gozag
Hepliaklqana
Qazlal
Ru
Sif Muna
Trog
Zin
The Shining One
Jiyva

Annotations:
D Urug


Innate Abilities, Weirdness & Mutations

You are small and have problems with some larger weapons.
You are completely attuned to the shadows.


Message History

Urug hits you from afar with a +2 demon trident of venom!
You are more poisoned.
You hit the orc warrior.
You feel the power of Trog in you as your rage grows.
You kill the orc warrior!
Trog accepts your kill.
You closely miss the orc.
You feel extremely sick.
You feel very sick. Urug completely misses you.
The orc hits you with a +0 whip.
Things that are here:
a +0 broad axe; a +0 chain mail You slash Urug!
Urug is lightly wounded.
You hit the orc.
You feel very sick. The orc closely misses you.
Urug hits you with a +2 demon trident of venom!!
You are lethally poisoned!
You barely miss Urug.
Urug is lightly wounded.
You hit the orc.
You kill the orc!
Trog accepts your kill.
* * * LOW HITPOINT WARNING * * *
You feel extremely sick.
You barely miss Urug.
Urug is lightly wounded.
* * * LOW HITPOINT WARNING * * *
You feel very sick.
Urug hits you with a +2 demon trident of venom!
* * * LOW HITPOINT WARNING * * *
You are more poisoned.
* * * LOW HITPOINT WARNING * * *
You feel extremely sick. Urug barely misses you.
There is an open door here.
Unknown command.
You feel a strong urge to attack something.
You die...

)#####......#..#......#
..'.##................#
..#.#####'#####''######
###.##.......##'รท###
..#)##.......##......
..'.##.......##......
######...<...##..#####
))).##.......##).')..#
))).##.......##.@#)..#
######.......##..#.o.#
.#..###########..#####
.#)############...
.#)#....#..[[##....
.#'#....#.![.#
.#.'....'..))#
.#'#....#..))#
.'.#....#..))#


There were no monsters in sight!

Vanquished Creatures
  A deep troll (D)
  2 rime drakes (D)
  A wyvern (D)
  3 vampire mosquitoes (D)
  A fire bat (D)
  A black bear (D)
  An orc warrior (D)
  A necrophage (D)
  2 scorpions (D)
  4 wights (D)
  An orc priest (D)
  An orc wizard (D)
  A mummy (D)
  An adder (D)
  A gnoll (D)
  An ufetubus (D)
  An adder skeleton (D)
  A worm (D)
  4 orcs (D)
  A bat (D)
  An endoplasm (D)
  2 giant cockroaches (D)
  A hobgoblin (D)
  A kobold (D)
35 creatures vanquished.

Notes
Turn   | Place    | Note
-------+----------+-------------------------------------------
     0 | D        | mhtbhm the Kobold Berserker began the quest for the Orb.
     0 | D        | Reached XP level 1. HP: 14/14 MP: 1/1
    16 | D        | Reached skill level 4 in Fighting
    16 | D        | Reached XP level 2. HP: 20/20 MP: 2/2
    20 | D        | Found a bloodstained altar of Trog.
    20 | D        | Found a shimmering blue altar of Sif Muna.
    20 | D        | Found a viscous altar of Jiyva.
    20 | D        | Found a hazy altar of Hepliaklqana.
    20 | D        | Found an opulent altar of Gozag.
    21 | D        | Found a glowing golden altar of the Shining One.
    21 | D        | Found a glowing silver altar of Zin.
    21 | D        | Found a sacrificial altar of Ru.
    21 | D        | Found a stormy altar of Qazlal.
    21 | D        | Found a blossoming altar of Fedhas.
    58 | D        | Noticed a scorpion
    62 | D        | Killed a scorpion
    63 | D        | Reached skill level 6 in Fighting
    63 | D        | Reached XP level 3. HP: 27/27 MP: 3/3
    63 | D        | Reached XP level 4. HP: 32/32 MP: 4/4
    64 | D        | Reached ** piety under Trog
   344 | D        | Reached *** piety under Trog
   345 | D        | Reached skill level 5 in Axes
   435 | D        | Reached skill level 7 in Fighting
   435 | D        | Reached skill level 1 in Stealth
   435 | D        | Reached XP level 5. HP: 38/38 MP: 5/5
   435 | D        | Reached **** piety under Trog
   435 | D        | Noticed a fire bat
   436 | D        | Noticed a black bear
   441 | D        | Killed a fire bat
   442 | D        | Reached skill level 8 in Fighting
   442 | D        | Reached skill level 5 in Dodging
   442 | D        | Reached XP level 6. HP: 45/45 MP: 6/6
   443 | D        | Killed a black bear
   443 | D        | Reached ***** piety under Trog
   444 | D        | Reached skill level 9 in Fighting
   612 | D        | Noticed a deep troll
   620 | D        | Killed a deep troll
   621 | D        | Reached skill level 11 in Fighting
   621 | D        | Reached skill level 5 in Armour
   621 | D        | Reached skill level 5 in Stealth
   621 | D        | Reached XP level 7. HP: 9/54 MP: 7/7
   621 | D        | Reached XP level 8. HP: 10/60 MP: 8/8
   884 | D        | Received a gift from Trog
  1039 | D        | Noticed a rime drake
  1039 | D        | Noticed a wyvern
  1054 | D        | Killed a rime drake
  1055 | D        | Reached skill level 10 in Axes
  1057 | D        | Killed a wyvern
  1058 | D        | Reached skill level 12 in Fighting
  1058 | D        | Reached XP level 9. HP: 36/65 MP: 9/9
  1385 | D        | Noticed a rime drake
  1395 | D        | Killed a rime drake
  1565 | D        | Identified the +6 broad axe of Killer Klown's Foe {vorpal,
                  | Dex+3} (Trog gifted it to you in the Dungeon)
  1565 | D        | Received a gift from Trog
  1767 | D        | Noticed Urug
  1780 | D        | HP: 1/100 [poisoned by Urug]
  1781 | D        | Succumbed to Urug's poison

Illustrated notes

Levels and vault maps discovered:
D:        pitsprint [storerooms_1, entrance_room_1, metal_vault_8, armoury_3,
          mini_pit_1, grid_room_1, main_hall_1, silver_pit, the_coven_1,
          the_vestibule_1, steel_vault_2, golden_pit, hallway_of_sentries,
          crystal_vault_4, iron_vault_2, final_vault]

Skill      XL: |  1  2  3  4  5  6  7  8  9 |
---------------+----------------------------+-----
Fighting       | 4 6 7 8 11 12 | 12.8
Axes           | 3 4 5 6 9 10 11 | 11.6
Dodging        | 3 4 5 7 8 |  8.9
Armour         | 2 3 5 6 |  6.6
Stealth        | 1 2 5 6 7 |  7.9

Action                   |  1- 3 |  4- 6 |  7- 9 || total
-------------------------+-------+-------+-------++-------
Melee: Hand axe          |     5 |    44 |    26 ||    75
       War axe           |       |       |    19 ||    19
       Broad axe         |       |       |     9 ||     9
Invok: Berserk           |     2 |     2 |     4 ||     8
 Stab: Sleeping          |       |     2 |     3 ||     5
Armor: Animal skin       |       |     3 |       ||     3
       Ring mail         |       |     3 |     4 ||     7
       Scale mail        |       |       |     9 ||     9
Dodge: Dodged            |     4 |    30 |    42 ||    76

Table legend: (Time is in decaauts)
 A = Elapsed time spent in this place.
 B = Non-inter-level travel time spent in this place.
 C = Inter-level travel time spent in this place.
 D = Time resting spent in this place.
 E = Time spent auto-exploring this place.
 F = Levels seen in this place.
 G = Mean time per level.
                   A        B        C        D        E       F      G
               +--------+--------+--------+--------+--------+-----+--------+
         Total |   1833 |   1833 |      0 |   1361 |     47 |   1 | 1833.0 |
       Dungeon |   1833 |   1833 |      0 |   1361 |     47 |   1 | 1833.0 |
               +--------+--------+--------+--------+--------+-----+--------+

Top non-repeatable levels by time:
       D: 1833 daAuts
